 Dungeon Crawl Stone Soup version 0.29.0-11-gd7f09526c8 (webtiles) character file.

Game seed: 15039706536365906434

67 sanka the Trooper (level 4, -2/49 HPs)
             Began as an Ogre Enchanter on Sept 2, 2022.
             Was a Follower of Okawaru.
             Slain by a goblin
             ... wielding a +0 club
             ... led by Robin
              (5 damage)
             ... on level 2 of the Dungeon.
             The game lasted 00:04:14 (3059 turns).

sanka the Trooper (Ogre Enchanter)                  Turns: 3059, Time: 00:04:15

Health: -2/49      AC:  3    Str: 14    XL:     4   Next: 16%
Magic:  7/7        EV: 10    Int: 16    God:    Okawaru [*.....]
Gold:   74         SH:  0    Dex: 15    Spells: 7/7 levels left

rFire   . . .      SeeInvis .   a - +1 dagger
rCold   . . .      Faith    .   (no shield)
rNeg    . . .      Spirit   .   b - +0 robe
rPois   .          Reflect  .   (helmet restricted)
rElec   +          Harm     .   (no cloak)
rCorr   .          Rampage  .   (gloves unavailable)
Will    .....                   (boots unavailable)
Stlth   +.........              (no amulet)
HPRegen 0.16/turn               (no ring)
MPRegen 0.10/turn               f - ring "Kasiff" {rElec Dex+6}

@: confused, ambrosia-drunk, invisible
A: large, unfitting armour, tough skin 1
a: Renounce Religion, Heroism


You were on level 2 of the Dungeon.
You worshipped Okawaru.
Okawaru was aware of your devotion.
You visited 1 branch of the dungeon, and saw 2 of its levels.

You collected 74 gold pieces.


Innate Abilities, Weirdness & Mutations

You are too large for most types of armour.
You have tough skin. (AC +1)


   Skills:
 + Level 4.7 Fighting
 - Level 0.8 Short Blades
 + Level 0.3 Maces & Flails
 - Level 1.7 Dodging
 - Level 2.1 Stealth
 - Level 2.4 Spellcasting
 - Level 2.6 Hexes
 + Level 0.0 Invocations


You had 7 spell levels left.
You didn't know any spells.
Your spell library contained the following spells:

 Spells                   Type           Power      Damage    Failure   Level
 Ensorcelled Hibernation  Hex/Ice        12%        N/A       17%         2
 Confusing Touch          Hex            10%        N/A       21%         3
 Dazzling Flash           Conj/Hex       12%        N/A       34%         3
 Tukima's Dance           Hex            Unusable   N/A       N/A         3

Inventory:

Hand Weapons
 a - a +1 dagger (weapon)
 k - a +0 club
Armour
 b - a +0 robe (worn)
Jewellery
 f - the ring "Kasiff" (right hand) {rElec Dex+6}

   [ring of dexterity]

   Dex:       It affects your dexterity (+6).
   rElec:     It insulates you from electricity.
Scrolls
 d - a scroll of amnesia {unknown}
 h - a scroll of vulnerability {unknown}
 i - a scroll of magic mapping {unknown}
 j - a scroll of enchant weapon {unknown}
 m - a scroll of teleportation {unknown}
Potions
 c - a potion of invisibility
 e - a potion of heal wounds {unknown}
 l - a potion of mutation {unknown}

Dungeon Overview and Level Annotations

Branches:
Dungeon (2/15)

Altars:
Okawaru

Annotations:
D:2 Robin

..▒▒▒▒▒▒..▒.▒▒▒▒▒▒▒
▒................>^ ▒▒▒▒
▒▒▒▒▒..▒▒▒.▒▒▒▒.▒▒ ...▒
▒▒▒▒▒▒▒▒▒▒ ▒..............▒
...▒
▒............▒..▒▒▒▒.▒▒▒▒▒▒
...▒ ▒.▒▒▒▒▒▒▒▒▒▒▒▒.▒▒ ▒.▒
...▒▒▒.▒▒▒....▒ ▒..▒ ▒.▒▒
...††.........▒▒▒▒.▒▒
▒..▒▒▒▒▒▒
...▒▒▒▒▒▒▒....▒▒Og.▒
▒▒......▒ ▒▒▒▒▒▒▒▒
▒.....g.▒▒▒ ▒▒▒▒▒▒..
▒.....▒▒▒▒▒...▒▒▒
▒▒▒▒▒▒▒▒▒▒.
▒.8▒8.▒▒.).....▒
▒......)...
▒.▒£▒..).▒▒▒▒▒.▒
▒.......... ▒.8▒8.▒▒▒▒ ▒.▒▒
▒.......... ▒.....▒ ▒..▒
▒▒.▒▒▒.▒▒▒▒ ▒..▒..▒ ▒▒.▒
▒.▒ ▒.▒ ▒...g▒▒ ▒.▒▒
▒▒▒▒.▒▒▒.▒


You could see Robin (unable to see you) and a goblin (strong, unable to see
you).


Message History

Robin is severely wounded.
Robin roars a battlecry!
The goblin goes into a battle-frenzy!
The goblin hits you with a +0 club.
* * * LOW HITPOINT WARNING * * *
You closely miss the goblin. Robin closely misses you.
The goblin hits you with a +0 club.
* * * LOW HITPOINT WARNING * * *
You hit the goblin.
The goblin is severely wounded.
Robin hits you but does no damage. The goblin hits you with a +0 club.
* * * LOW HITPOINT WARNING * * *
You barely miss the goblin.
The goblin is severely wounded.
Robin closely misses you. The goblin hits you with a +0 club.
* * * LOW HITPOINT WARNING * * *
You fade into invisibility!
Robin closely misses you. The goblin misses you.
Unknown command.
It was a potion of ambrosia.
You are confused.
You feel invigorated. Robin hits you with a +0 club.
* * * LOW HITPOINT WARNING * * *
The goblin hits you with a +0 club.
You die...

Action                   |  1- 3 |  4- 6 || total
-------------------------+-------+-------++-------
Melee: Dagger            |   198 |    45 ||   243
       Punch             |     3 |     2 ||     5
Invok: Heroism           |       |     1 ||     1
  Use: Potion            |       |     2 ||     2
 Stab: Sleeping          |     3 |     2 ||     5
Armor: Robe              |    55 |     8 ||    63
Dodge: Dodged            |   109 |    27 ||   136

Levels and vault maps discovered:
D:1:      lemuel_arrival_tunnels, layout_loops_cross,
          shapermc_ecumenical_altar_gd, nrook_campfire, st_stairs_1,
          chequers_big_river, minivault_14
D:2:      layout_rooms, serial_park_tiny_1, minmay_statues_item, uniq_robin

Notes
Turn   | Place    | Note
-------+----------+-------------------------------------------
     0 | D:1      | sanka the Ogre Enchanter began the quest for the Orb.
     0 | D:1      | Reached XP level 1. HP: 16/16 MP: 3/3
    27 | D:2      | Reached skill level 1 in Fighting
   261 | D:2      | Reached skill level 2 in Fighting
   303 | D:2      | Reached XP level 2. HP: 9/28 MP: 5/5
   513 | D:2      | Identified the ring "Kasiff" {rElec Dex+6}
   910 | D:2      | Reached skill level 3 in Fighting
  1185 | D:2      | Identified the +1 helmet of Hiamyxal {Str+2}
  1185 | D:2      | Noticed Robin
  1387 | D:1      | Reached XP level 3. HP: 36/37 MP: 6/6
  1596 | D:1      | Reached skill level 4 in Fighting
  2159 | D:1      | Reached XP level 4. HP: 44/49 MP: 7/7
  2351 | D:1      | Found a faded altar of an unknown god.
  2576 | D:1      | Prayed at the altar of an unknown god.
  2576 | D:1      | Became a worshipper of Warmaster Okawaru
  2576 | D:1      | Reached * piety under Okawaru
  3057 | D:2      | HP: 1/49 [goblin/+0 club[Robin] (5)]
  3059 | D:2      | Slain by a goblin

Vanquished Creatures
  A dart slug (D:1)
  5 endoplasms
  A giant cockroach (D:2)
  12 goblins
  5 hobgoblins
  7 jackals (D:1)
  5 kobolds
  A quokka (D:1)
  7 ball pythons
  3 bats
  2 frilled lizards (D:1)
  5 rats
54 creatures vanquished.

Vanquished Creatures (others)
  A demonic plant (D:1)
  A fungus (D:1)
  2 plants (D:1)
4 creatures vanquished.

Grand Total: 58 creatures vanquished
